 Dungeon Sprint DCSS version 0.21.1-1-g345015f (webtiles) character file.

451 spiff the Transmogrifier (level 7, -20/48 HPs)
             Began as a Merfolk Transmuter on July 11, 2018.
             Was a Priest of Cheibriados.
             Killed from afar by a deep elf mage (32 damage)
             ... with a bolt of fire
             ... in the Dungeon (Sprint IX: "|||||||||||||||||||||||||||||").
             The game lasted 00:02:00 (597 turns).

spiff the Transmogrifier (Merfolk Transmuter)        Turns: 597, Time: 00:02:00

Health: -20/48     AC:  3    Str: 21    XL:     7   Next: 4%
Magic:  5/10       EV: 13    Int: 22    God:    Cheibriados [***...]
Gold:   0          SH:  0    Dex: 20    Spells: 4/10 levels left

rFire    . . .     SeeInvis .     - Unarmed
rCold    . . .     Gourm    .   (shield currently unavailable)
rNeg     . . .     Faith    .   b - +0 robe
rPois    .         Spirit   .   n - +0 helmet
rElec    .         Reflect  .   (no cloak)
rCorr    .         Harm     .   (gloves currently unavailable)
MR       .....     NoTele   +   (no boots)
Stlth    ++........             (no amulet)
HPRegen  0.16/turn              o - +3 ring of strength
MPRegen  0.12/turn              p - +3 ring of intelligence

@: blade hands, very slow
A: change form in water, swift swim, stealthy swim
a: End Transformation, Bend Time, Temporal Distortion, Renounce Religion


You were in the Dungeon.
You worshipped Cheibriados.
Cheibriados was most pleased with you.
You were not hungry.
You had blades for hands.
You visited 1 branch

Inventory:

Missiles
 a - 55 arrows
Armour
 b - a +0 robe (worn)
 n - a +0 helmet (worn)
Jewellery
 o - a +3 ring of strength (left scythe-like blade)
 p - a +3 ring of intelligence (right scythe-like blade)
Wands
 m - a wand of acid (10)
Scrolls
 j - 2 scrolls of blinking
 k - 3 scrolls of remove curse
 l - 2 scrolls of amnesia
Potions
 e - 5 potions of curing
 f - 3 potions of heal wounds
 g - a potion of haste
 h - 4 potions of magic
 i - a potion of invisibility
Books
 c - a book of Changes

   Spells                             Type                      Level
   a - Beastly Appendage              Transmutation                1
   b - Sticks to Snakes               Transmutation                2
   c - Spider Form                    Transmutation/Poison         3
   d - Ice Form                       Ice/Transmutation            4
   e - Blade Hands                    Transmutation                5
Comestibles
 d - a ration
 q - 9 chunks of flesh


   Skills:
 - Level 1.1 Fighting
 - Level 2.6 Dodging
 + Level 11.5 Unarmed Combat
 - Level 2.0 Spellcasting
 + Level 13.1 Transmutations


You had 4 spell levels left.
You knew the following spells:

 Your Spells              Type           Power        Failure   Level  Hunger
a - Beastly Appendage     Tmut           ######       6%          1    #......
b - Blade Hands           Tmut           ######....   19%         5    ######.


Dungeon Overview and Level Annotations

Branches:
Dungeon (1/1)

Altars:
Cheibriados
Dithmenos
Elyvilon
Fedhas
Gozag
Hepliaklqana
Kikubaaqudgha
Makhleb
Nemelex Xobeh
Okawaru
Qazlal
Ru
Sif Muna
Trog
Uskayaw
Vehumet
Wu Jian
Xom
Yredelemnul
Zin
The Shining One
Beogh
Jiyva
Lugonu


Message History

Casting: Blade Hands
Confirm with . or Enter, or press ? or * to list all spells.
Your hands turn into razor-sharp scythe blades.
As you open the door, it creaks loudly! 2 worker ants, a deep elf mage, a centaur warrior and a tengu warrior come into view.
The centaur warrior shouts!
The tengu warrior shouts!
The worker ant twitches its antennae in your direction.
The deep elf mage shouts!
The deep elf mage gestures at you while chanting.
The bolt of fire hits you!
The deep elf mage gestures at you while chanting.
The bolt of fire hits you!
* * * LOW HITPOINT WARNING * * *
There is an open door here.
You hit the deep elf mage.
The deep elf mage is lightly wounded.
The deep elf mage casts a spell at you. The bolt of fire hits you!
Ouch! That really hurt!
You die... ▓▓▓▓▓▓▓▓▓▓▓▓▓▓▓▓▓▓▓▓▓▓▓▓ ..|)([[..'.)....@ea.cQa+ ▓▓▓▓▓▓▓▓▓▓▓▓▓▓▓▓▓▓▓▓▓▓▓▓

You could see a tengu warrior, a centaur warrior, a deep elf mage and 2 worker ants.

Vanquished Creatures
  A sky beast (D)
  2 centaurs (D)
  A bullfrog (D)
  A crimson imp (D)
  A hound (D)
  A jelly (D)
  2 worker ants (D)
  A bat skeleton (D)
  3 goblins (D)
  2 hobgoblins (D)
  A jackal (D)
16 creatures vanquished.

Notes
Turn   | Place    | Note
-------+----------+-------------------------------------------
     0 | D        | spiff the Merfolk Transmuter began the quest for the Orb.
     0 | D        | Reached XP level 1. HP: 15/15 MP: 3/3
     8 | D        | Reached skill level 3 in Transmutations
    13 | D        | Reached skill level 4 in Transmutations
    15 | D        | Reached XP level 2. HP: 10/21 MP: 0/5
   165 | D        | Noticed a centaur
   165 | D        | Noticed a crimson imp
   172 | D        | Killed a centaur
   172 | D        | Reached skill level 8 in Transmutations
   172 | D        | Reached XP level 3. HP: 14/26 MP: 4/6
   172 | D        | Reached XP level 4. HP: 18/32 MP: 4/7
   174 | D        | HP: 2/48 [acid (8)]
   175 | D        | Reached skill level 9 in Transmutations
   177 | D        | Reached XP level 5. HP: 3/37 MP: 4/8
   186 | D        | HP: 2/55 [crimson imp (2)]
   187 | D        | Reached skill level 10 in Transmutations
   437 | D        | Found a roughly hewn altar of Beogh.
   437 | D        | Found a snail-covered altar of Cheibriados.
   437 | D        | Found a shadowy altar of Dithmenos.
   437 | D        | Found a white marble altar of Elyvilon.
   437 | D        | Found a blossoming altar of Fedhas.
   437 | D        | Found an opulent altar of Gozag.
   438 | D        | Found a hazy altar of Hepliaklqana.
   439 | D        | Found a viscous altar of Jiyva.
   440 | D        | Found an ancient bone altar of Kikubaaqudgha.
   441 | D        | Became a worshipper of Cheibriados the Contemplative
   442 | D        | Found a corrupted altar of Lugonu.
   443 | D        | Found a burning altar of Makhleb.
   444 | D        | Found a sparkling altar of Nemelex Xobeh.
   445 | D        | Found an iron altar of Okawaru.
   446 | D        | Found a stormy altar of Qazlal.
   447 | D        | Found a sacrificial altar of Ru.
   448 | D        | Found a deep blue altar of Sif Muna.
   449 | D        | Found a bloodstained altar of Trog.
   450 | D        | Found a hide-covered altar of Uskayaw.
   451 | D        | Found a radiant altar of Vehumet.
   452 | D        | Found an ornate altar of the Wu Jian Council.
   453 | D        | Found a shimmering altar of Xom.
   454 | D        | Found a basalt altar of Yredelemnul.
   455 | D        | Found a glowing silver altar of Zin.
   456 | D        | Found a glowing golden altar of the Shining One.
   488 | D        | Learned a level 5 spell: Blade Hands
   494 | D        | Noticed a sky beast
   494 | D        | Noticed a centaur
   497 | D        | Reached skill level 11 in Transmutations
   497 | D        | Reached XP level 6. HP: 35/43 MP: 3/9
   499 | D        | Killed a sky beast
   499 | D        | Reached * piety under Cheibriados
   499 | D        | Reached skill level 10 in Unarmed Combat
   499 | D        | Reached skill level 12 in Transmutations
   501 | D        | Reached ** piety under Cheibriados
   505 | D        | Reached *** piety under Cheibriados
   505 | D        | Reached skill level 13 in Transmutations
   505 | D        | Reached XP level 7. HP: 32/48 MP: 4/10
   595 | D        | Noticed a deep elf mage
   595 | D        | Noticed a centaur warrior
   595 | D        | Noticed a tengu warrior
   597 | D        | Killed from afar by a deep elf mage

Skill      XL: |  1  2  3  4  5  6 |
---------------+-------------------+-----
Transmutations | 4 8 9 11 13 | 13.1
Unarmed Combat | 4 7 8 9 11 | 11.5
Fighting       | |  1.1
Dodging        | |  2.6
Spellcasting   | |  2.0

Action                   |  1- 3 |  4- 6 |  7- 9 || total
-------------------------+-------+-------+-------++-------
Melee: Unarmed           |    11 |    23 |     1 ||    35
       Headbutt          |     1 |     3 |       ||     4
 Cast: Beastly Appendage |     3 |       |       ||     3
       Blade Hands       |       |     1 |     1 ||     2
  Use: Potion            |     1 |       |       ||     1
Armor: Robe              |       |     3 |       ||     3
Dodge: Dodged            |    10 |     9 |       ||    19
